 Dungeon Crawl Stone Soup version 0.21-a0-529-g8c7b3f5 (webtiles) character file.

1145 zkyp the Chopper (level 8, -7/62 HPs)
             Began as a Formicid Monk on Dec 10, 2017.
             Killed from afar by a steam dragon (17 damage)
             ... with a ball of steam
             ... on level 5 of the Dungeon.
             The game lasted 00:07:35 (6128 turns).

zkyp the Chopper (Formicid Monk)                    Turns: 6128, Time: 00:07:36

Health: -7/62      AC:  8    Str: 18    XL:     8   Next: 64%
Magic:  8/8        EV: 11    Int: 10    God:
Gold:   212        SH: 14    Dex: 13    Spells: 7/7 levels left

rFire    . . .     SeeInvis +   a - +0 hand axe
rCold    . . .     Gourm    .   m - +0 large shield
rNeg     . . .     Faith    .   p - +0 scale mail
rPois    .         Spirit   .   (helmet unavailable)
rElec    .         Reflect  .   (no cloak)
rCorr    .         Harm     .   l - +0 pair of gloves
MR       .....                  (no boots)
Stlth    +.........             s - amulet of regeneration
HPRegen  0.60/turn              (no ring)
MPRegen  0.11/turn              r - +4 ring of evasion

@: no status effects
A: permanent stasis, dig shafts and tunnels, four strong arms, antennae 3
a: Dig, Shaft Self


You were on level 5 of the Dungeon.
You were very hungry.

You visited 1 branch of the dungeon, and saw 5 of its levels.

You collected 212 gold pieces.

Inventory:

Hand Weapons
 a - a +0 hand axe (weapon)
Missiles
 e - 6 silver javelins (quivered)
 q - 11 poisoned needles
Armour
 l - a +0 pair of gloves (worn)
 m - a +0 large shield (worn)
 p - a +0 scale mail (worn)
Magical Staves
 k - an uncursed staff of death {unknown}
Jewellery
 i - an uncursed ring of fire
 r - a +4 ring of evasion (right hand)
 s - an amulet of regeneration (around neck)
 v - an uncursed ring of ice
Scrolls
 b - 6 scrolls of teleportation
 d - a scroll of fog
 f - 3 scrolls of enchant armour
 g - 3 scrolls of remove curse {unknown}
 h - a scroll of blinking {unknown}
 w - 2 scrolls of enchant weapon {unknown}
 x - a scroll of magic mapping {unknown}
Potions
 n - 2 potions of flight
 t - a potion of heal wounds
Books
 o - a book of Minor Magic

   Spells                             Type                      Level
   a - Magic Dart                     Conjuration                  1
   b - Blink                          Translocation                2
   c - Call Imp                       Summoning                    2
   d - Slow                           Hexes                        2
   e - Conjure Flame                  Conjuration/Fire             3
   f - Mephitic Cloud                 Conjuration/Poison/Air       3
Comestibles
 c - 4 bread rations {@e1}
 j - 6 fruits
 u - a meat ration {@e2}


   Skills:
 - Level 5.0 Fighting
 - Level 7.3 Axes
 + Level 4.4 Armour
 - Level 2.7 Dodging
 - Level 2.4 Stealth
 + Level 4.8 Shields


You had 7 spell levels left.
You didn't know any spells.

Dungeon Overview and Level Annotations

Branches:
Dungeon (5/15)
 Temple: D:4-7

Altars:
Cheibriados
Gozag
Qazlal
Xom


Innate Abilities, Weirdness & Mutations

You cannot be hasted, slowed, berserked, paralysed or teleported.
You can dig through walls and to a lower floor.
Your four strong arms can wield two-handed weapons with a shield.
You have a pair of large antennae on your head. (SInv)


Message History

The howler monkey hoots and howls with incredible vigour!
The steam dragon breathes steam at you. The ball of steam hits you!
You hear an angry hiss.
Unknown command.
Unknown command.
You extend your mandibles.
You dig through the rock wall.
You retract your mandibles.
The steam dragon breathes steam at you.
The ball of steam hits the steam dragon.
The steam dragon resists.
The ball of steam hits you!
* * * LOW HITPOINT WARNING * * *
The steam dragon breathes steam at you. The ball of steam hits you!
* * * LOW HITPOINT WARNING * * *
The steam dragon breathes steam at you.
The ball of steam hits the steam dragon.
The steam dragon resists.
The ball of steam hits you!
You die...

..# ........PP.≈PP.........^..#.#
..# ....§...........P≈.P≈P....#.#
#.##P...≈≈D...≈.#######.PPP≈..#.#
...#≈P≈PP.##.####.....###.^...#.#
##.###≈≈###.......##..#######.#.#
#...####.h{##.#####..##....#...#
##.......##.##§####..##.........
#.###......DD§..##..##.........
##..........§§§@.....##.........
#...##..........§§#..##.........
#.................#..>#)........
##....#............##.#..........
......#.#'#.######.##............
#....##.#.#.# #.####...#######
#....##.#.#.# #.# #####
#.#.###.#.#.# #.#
#.#.....#.#.######.##


You could see a steam dragon.

Vanquished Creatures
  Sigmund (D:3)
  A sky beast (D:5)
  A phantom (D:5)
  An ogre (D:5)
  A centaur (D:5)
  Blork the orc (D:4)
  5 vampire bats (D:4)
  2 orc priests
  A bullfrog skeleton (D:5)
  A centaur skeleton (D:4)
  2 worker ants
  An orc wizard (D:5)
  9 adders
  2 oozes
  A worm (D:2)
  3 leopard geckos
  13 orcs
  5 giant cockroaches
  9 goblins
  6 hobgoblins
  9 jackals
  3 quokkas
  3 ball pythons
  10 bats
  7 frilled lizards
  5 kobolds
  14 rats
117 creatures vanquished.

Vanquished Creatures (others)
  3 fungi (D:5)
3 creatures vanquished.

Grand Total: 120 creatures vanquished

Notes
Turn   | Place    | Note
-------+----------+-------------------------------------------
     0 | D:1      | zkyp the Formicid Monk began the quest for the Orb.
     0 | D:1      | Reached XP level 1. HP: 18/18 MP: 1/1
   200 | D:1      | Reached XP level 2. HP: 20/24 MP: 2/2
   407 | D:1      | Reached XP level 3. HP: 11/30 MP: 3/3
   625 | D:1      | Found a shimmering altar of Xom.
  1393 | D:2      | Found a shimmering altar of Xom.
  1393 | D:2      | Found an opulent altar of Gozag.
  1431 | D:1      | Reached XP level 4. HP: 20/37 MP: 4/4
  1748 | D:2      | Found a stormy altar of Qazlal.
  1770 | D:2      | Reached skill level 4 in Axes
  2710 | D:3      | Reached XP level 5. HP: 43/43 MP: 5/5
  2906 | D:3      | Noticed Sigmund
  3288 | D:4      | Reached skill level 5 in Fighting
  3444 | D:4      | Reached skill level 5 in Axes
  3444 | D:4      | Reached XP level 6. HP: 25/51 MP: 6/6
  3448 | D:4      | Noticed an ogre
  3478 | D:4      | You fall through a shaft!
  3478 | D:5      | Entered Level 5 of the Dungeon
  3770 | D:5      | Noticed an ogre
  3780 | D:5      | Killed an ogre
  3780 | D:5      | Reached skill level 6 in Axes
  3983 | D:5      | Noticed a sky beast
  3999 | D:5      | Killed a sky beast
  3999 | D:5      | Reached XP level 7. HP: 41/56 MP: 7/7
  4180 | D:5      | Reached skill level 7 in Axes
  4416 | D:5      | Found a snail-covered altar of Cheibriados.
  4653 | D:4      | Reached skill level 1 in Shields
  4663 | D:4      | Reached skill level 1 in Armour
  4685 | D:4      | Reached XP level 8. HP: 61/62 MP: 8/8
  5170 | D:4      | Noticed Blork the orc
  5207 | D:4      | Killed Blork the orc
  5562 | D:3      | Killed Sigmund
  6128 | D:5      | Killed from afar by a steam dragon

Vault maps used:
D:1:      tarquinn_simple_flora_water_d, xom_teletrap_fun
D:2:      grunt_temple_overflow_open, serial_bayou_lake_a
D:3:      roderic_roman_lattice, uniq_sigmund
D:4:      nrook_loot_triangle, roderic_batcave, minmay_box_of_dots,
          uniq_blork_the_orc
D:5:      kennysheep_steamy, first_bread, cheibriados_altar_1

Skill      XL: |  1  2  3  4  5  6  7  8 |
---------------+-------------------------+-----
Fighting       | 4 5 |  5.0
Axes           | 4 5 6 7 |  7.3
Shields        | 2 4 |  4.8
Armour         | 2 4 |  4.4
Dodging        | |  2.7
Stealth        | |  2.4

Action                   |  1- 3 |  4- 6 |  7- 9 || total
-------------------------+-------+-------+-------++-------
Melee: Hand axe          |   104 |   261 |   300 ||   665
 Abil: Dig               |       |     2 |     2 ||     4
       Shaft Self        |       |     1 |       ||     1
  Use: Potion            |     1 |       |     2 ||     3
       Scroll            |       |     3 |     3 ||     6
 Stab: Sleeping          |     1 |     3 |       ||     4
  Eat: Chunk             |     1 |    10 |     6 ||    17
Armor: Robe              |    15 |       |       ||    15
       Ring mail         |    14 |   134 |     5 ||   153
       Scale mail        |       |       |    85 ||    85
Dodge: Dodged            |    69 |   132 |    78 ||   279
Block: Large shield      |       |   106 |   185 ||   291

Table legend:
 A = Spawn XP
 B = Non-spawn XP
 C = Spawn XP percentage of total XP
 D = Spawn monster count
 E = Non-spawn monster count
 F = Spawn count percentage of total count
 G = Total turns spent on level
                    A         B        C        D         E        F      G
               +---------+---------+-------+---------+---------+-------+---------
         Total |       0 |    1637 |   0.0 |       0 |     117 |   0.0 |  6128
               +---------+---------+-------+---------+---------+-------+---------
           D:1 |       0 |      57 |   0.0 |       0 |      26 |   0.0 |  1308
           D:2 |       0 |      80 |   0.0 |       0 |      28 |   0.0 |  1337
           D:3 |       0 |     333 |   0.0 |       0 |      22 |   0.0 |   814
           D:4 |       0 |     533 |   0.0 |       0 |      21 |   0.0 |  1332
           D:5 |       0 |     634 |   0.0 |       0 |      20 |   0.0 |  1337
               +---------+---------+-------+---------+---------+-------+---------
